[ AOE2 MATCH · #507855415 ]
UnrankedAztecs vs Incas
Player's team · WIN
Rival team · LOSS
[ REPLAY ANALYSIS · EXTRACTED FROM THE RECORDED GAME ]
Feudal
9:02
Castle
22:21
Imperial
—
| APM avg | 36.7 |
| APM peak | 81 |
| eAPM avg | 14.3 |
| Villagers / military | 39 / 17 |
Focus
⚔️ 30.9% · 🌾 69.1%
Archer ×11 · Militia ×6
Feudal
8:52
Castle
—
Imperial
—
| APM avg | 46.6 |
| APM peak | 80 |
| eAPM avg | 16.9 |
| Villagers / military | 50 / 15 |
Focus
⚔️ 34.2% · 🌾 65.8%
Archer ×10 · Unknown (2550) ×9 · Skirmisher ×5
Match map
Initial resources + every placement click. Lines = walls · curves = elevation contours. ◆ gold · ⬟ stone · ● berries · ✦ relic · ◌ wall gap
Your base· ✓ Closed at 22:21 · 0t walls · 3 gate(s)
Panelo's base· ✓ Closed at 12:00 · 0t walls · 2 gate(s)
Smoothed initial terrain · ◌ = detected wall gap · hover for details
Inputs per minute
— Ghost - - Panelo
Build order — Ghost
111 actions detected in the replay
| 0:00 | Queue | Villager (Male) |
| 0:01 | Queue | Villager (Male) |
| 0:01 | Queue | Villager (Male) |
| 0:02 | Build | House |
| 0:08 | Build | House |
| 0:21 | Queue | Villager (Male) |
| 1:33 | Queue | Villager (Male) |
| 2:02 | Queue | Villager (Male) |
| 2:14 | Queue | Villager (Male) |
| 2:23 | Build | Lumber Camp |
| 3:01 | Queue | Villager (Male) |
| 3:08 | Queue | Villager (Male) |
| 3:08 | Queue | Villager (Male) |
| 3:42 | Queue | Villager (Male) |
| 3:42 | Queue | Villager (Male) |
| 4:01 | Build | House |
| 4:19 | Queue | Villager (Male) |
| 4:31 | Build | House |
| 4:59 | Queue | Villager (Male) |
| 4:59 | Queue | Villager (Male) |
| 5:44 | Queue | Villager (Male) |
| 6:00 | Build | Barracks |
| 6:13 | Queue | Villager (Male) |
| 6:52 | Research | Feudal Age |
| 7:13 | Build | Mining Camp |
| 7:20 | Queue | Militia |
| 7:21 | Queue | Militia |
| 7:42 | Queue | Militia |
| 8:04 | Research | Loom |
| 8:14 | Queue | Militia |
| 9:02 | Age | Feudal Age |
| 9:04 | Research | Man-at-Arms (upgrade) |
| 9:06 | Queue | Villager (Male) |
| 9:24 | Build | Mill |
| 9:30 | Queue | Villager (Male) |
| 9:50 | Queue | Villager (Male) |
| 9:55 | Build | House |
| 10:08 | Queue | Militia |
| 10:52 | Queue | Militia |
| 10:54 | Build | Archery Range |
| 11:01 | Queue | Villager (Male) |
| 11:01 | Queue | Villager (Male) |
| 11:09 | Build | Farm |
| 11:11 | Build | Farm |
| 11:13 | Build | Farm |
| 11:16 | Build | Farm |
| 11:42 | Queue | Archer |
| 11:52 | Build | Farm |
| 11:55 | Queue | Villager (Male) |
| 12:05 | Queue | Villager (Male) |
| 12:09 | Build | House |
| 12:19 | Queue | Archer |
| 12:20 | Queue | Villager (Male) |
| 12:31 | Build | Farm |
| 12:38 | Build | House |
| 12:40 | Queue | Archer |
| 13:01 | Research | Double-Bit Axe |
| 13:01 | Research | Double-Bit Axe |
| 13:04 | Queue | Villager (Male) |
| 13:07 | Build | Farm |
| 13:56 | Queue | Villager (Male) |
| 14:02 | Build | Blacksmith |
| 14:38 | Queue | Archer |
| 14:40 | Queue | Villager (Male) |
| 14:41 | Queue | Villager (Male) |
| 14:47 | Build | House |
| 14:54 | Build | House |
| 15:00 | Build | House |
| 15:02 | Queue | Archer |
| 15:14 | Build | Farm |
| 15:16 | Build | Farm |
| 15:19 | Build | House |
| 15:29 | Research | Fletching |
| 15:46 | Build | House |
| 15:48 | Queue | Villager (Male) |
| 15:51 | Build | House |
| 15:54 | Build | Farm |
| 15:57 | Build | Farm |
| 15:58 | Build | Farm |
| 16:03 | Build | Farm |
| 16:21 | Queue | Villager (Male) |
| 16:31 | Build | Mining Camp |
| 16:36 | Queue | Archer |
| 16:36 | Queue | Villager (Male) |
| 16:43 | Build | Farm |
| 16:55 | Build | Watch Tower |
| 17:06 | Queue | Villager (Male) |
| 17:28 | Queue | Villager (Male) |
| 17:41 | Build | Market |
| 17:46 | Queue | Villager (Male) |
| 17:48 | Queue | Archer |
| 18:05 | Queue | Villager (Male) |
| 18:18 | Queue | Archer |
| 18:34 | Research | Padded Archer Armor |
| 18:35 | Queue | Villager (Male) |
| 18:42 | Build | House |
| 18:43 | Build | House |
| 18:45 | Build | House |
| 18:46 | Queue | Archer |
| 18:48 | Build | House |
| 19:03 | Queue | Villager (Male) |
| 19:06 | Build | House |
| 19:32 | Research | Castle Age |
| 19:44 | Build | Watch Tower |
| 19:54 | Queue | Archer |
| 20:17 | Build | Farm |
| 21:39 | Queue | Archer |
| 22:07 | Queue | Villager (Male) |
| 22:21 | Age | Castle Age |
| 22:24 | Research | Crossbowman (upgrade) |
| 22:29 | Research | Bodkin Arrow |
Build order — Panelo
123 actions detected in the replay
| 0:00 | Queue | Villager (Male) |
| 0:01 | Queue | Villager (Male) |
| 0:01 | Queue | Villager (Male) |
| 0:02 | Queue | Villager (Male) |
| 0:03 | Build | House |
| 0:05 | Build | House |
| 1:30 | Queue | Villager (Male) |
| 1:46 | Build | Settlement |
| 2:02 | Queue | Villager (Male) |
| 2:17 | Queue | Villager (Male) |
| 2:45 | Queue | Villager (Male) |
| 3:06 | Queue | Villager (Male) |
| 3:06 | Queue | Villager (Male) |
| 3:42 | Queue | Villager (Male) |
| 4:04 | Queue | Villager (Male) |
| 4:40 | Queue | Villager (Male) |
| 4:42 | Queue | Villager (Male) |
| 5:24 | Queue | Villager (Male) |
| 5:30 | Build | Barracks |
| 5:56 | Research | Loom |
| 6:34 | Research | Feudal Age |
| 6:49 | Queue | Unit 2550 |
| 6:58 | Build | Settlement |
| 7:14 | Queue | Unit 2550 |
| 7:32 | Queue | Unit 2550 |
| 8:24 | Queue | Unit 2550 |
| 8:26 | Queue | Villager (Male) |
| 8:52 | Age | Feudal Age |
| 8:53 | Research | Tech 1402 |
| 9:00 | Queue | Unit 2550 |
| 9:21 | Queue | Villager (Male) |
| 9:44 | Queue | Unit 2550 |
| 10:18 | Queue | Villager (Male) |
| 10:18 | Queue | Villager (Male) |
| 10:48 | Queue | Villager (Male) |
| 11:24 | Queue | Unit 2550 |
| 11:31 | Build | Archery Range |
| 11:38 | Queue | Unit 2550 |
| 11:53 | Queue | Villager (Male) |
| 12:00 | Build | Watch Tower |
| 12:12 | Build | Settlement |
| 12:29 | Queue | Villager (Male) |
| 12:41 | Queue | Archer |
| 12:41 | Queue | Archer |
| 13:00 | Queue | Villager (Male) |
| 13:25 | Build | Watch Tower |
| 13:31 | Queue | Villager (Male) |
| 13:32 | Queue | Archer |
| 13:32 | Queue | Archer |
| 13:34 | Build | Farm |
| 13:35 | Build | Farm |
| 13:36 | Build | Farm |
| 13:37 | Build | Farm |
| 14:00 | Build | Watch Tower |
| 14:12 | Queue | Skirmisher |
| 14:14 | Build | Watch Tower |
| 14:17 | Queue | Villager (Male) |
| 14:17 | Queue | Villager (Male) |
| 14:20 | Build | Farm |
| 14:36 | Queue | Skirmisher |
| 14:45 | Queue | Villager (Male) |
| 14:46 | Queue | Villager (Male) |
| 14:49 | Build | Farm |
| 15:09 | Queue | Archer |
| 15:12 | Queue | Villager (Male) |
| 15:12 | Queue | Villager (Male) |
| 15:21 | Build | Watch Tower |
| 15:30 | Queue | Villager (Male) |
| 15:45 | Queue | Archer |
| 15:47 | Queue | Villager (Male) |
| 15:56 | Research | Double-Bit Axe |
| 16:01 | Queue | Archer |
| 16:03 | Queue | Villager (Male) |
| 16:30 | Queue | Unit 2550 |
| 16:32 | Queue | Villager (Male) |
| 16:34 | Build | Farm |
| 16:43 | Queue | Villager (Male) |
| 16:45 | Build | Farm |
| 17:17 | Queue | Skirmisher |
| 17:22 | Queue | Villager (Male) |
| 17:25 | Build | Blacksmith |
| 17:38 | Queue | Archer |
| 17:54 | Build | Watch Tower |
| 17:56 | Research | Fletching |
| 18:13 | Queue | Archer |
| 18:13 | Queue | Archer |
| 18:21 | Queue | Villager (Male) |
| 18:21 | Queue | Villager (Male) |
| 18:22 | Build | Farm |
| 18:37 | Queue | Villager (Male) |
| 18:41 | Build | Watch Tower |
| 18:46 | Build | House |
| 18:53 | Build | Gate |
| 19:06 | Queue | Skirmisher |
| 19:06 | Queue | Skirmisher |
| 19:13 | Queue | Villager (Male) |
| 19:15 | Build | House |
| 19:17 | Build | Palisade Wall |
| 19:25 | Queue | Villager (Male) |
| 19:43 | Build | Watch Tower |
| 19:53 | Queue | Villager (Male) |
| 19:55 | Queue | Villager (Male) |
| 19:58 | Build | Farm |
| 19:58 | Build | Farm |
| 20:14 | Build | Watch Tower |
| 20:18 | Research | Arson |
| 20:20 | Queue | Villager (Male) |
| 20:35 | Build | Watch Tower |
| 20:38 | Queue | Villager (Male) |
| 20:38 | Queue | Villager (Male) |
| 20:51 | Build | House |
| 20:53 | Build | House |
| 20:58 | Queue | Villager (Male) |
| 21:12 | Build | House |
| 21:17 | Build | House |
| 21:20 | Build | House |
| 21:31 | Queue | Villager (Male) |
| 21:35 | Build | Market |
| 21:56 | Queue | Villager (Male) |
| 22:01 | Build | Farm |
| 22:02 | Build | Farm |
| 22:02 | Build | Farm |
| 22:06 | Queue | Villager (Male) |
Match timeline
| 5:30 | Panelo · first_building Barracks |
| 6:00 | Ghost · first_building Barracks |
| 8:52 | Panelo · age_up feudal |
| 9:02 | Ghost · age_up feudal |
| 10:54 | Ghost · first_building Archery Range |
| 11:31 | Panelo · first_building Archery Range |
| 19:17 | Panelo · wall_segment Palisade Wall x1 |
| 19:31 | Ghost · first_market_sell 100 food |
| 22:21 | Ghost · age_up castle |
| 22:32 | Panelo · resign |
[ AI ANALYSIS · 1 CREDIT ]
What really happened in this match?
Wolo.gg analyzes every decision: build order, eco, micro, common mistakes by bracket. Personalized analysis on WhatsApp or Discord in 30 seconds.
Civ guide
Aztecs
Perfil
Jugador #23112305